 Dungeon Crawl Stone Soup version bcrawl-1.19.2-6-g6a88ae04c9 (webtiles) character file.

Game seed: 2267617448715274406

6737 Mrkan the Fighter (level 11, -5/99 HPs)
             Began as a Hill Orc Fighter on Dec 24, 2019.
             Was a Priest of Lugonu.
             Killed from afar by Erica (14 damage)
             ... with a bolt of poison
             ... on level 9 of the Dungeon.
             The game lasted 00:14:50 (9320 turns).

Mrkan the Fighter (Hill Orc Fighter)                Turns: 9320, Time: 00:14:50

Health: -5/99      AC: 12    Str: 22    XL:     11   Next: 4%
Magic:  16/16      EV:  9    Int:  8    God:    Lugonu [***...]
Gold:   740        SH: 11    Dex: 11    Spells: 10/10 levels left

rFire    . . .     SeeInvis .   F - +2 hand axe (distort)
rCold    . . .     Gourm    .   c - +0 shield
rNeg     . . .     Faith    .   K - +0 acid dragon scales
rPois    .         Spirit   .   l - +0 helmet
rElec    .         Reflect  .   L - +0 cloak
rCorr    +         Harm     .   (no gloves)
MR       .....                  G - +0 pair of boots
Stlth    +.........             (no amulet)
HPRegen  0.26/turn              v - ring of resist corrosion
MPRegen  0.15/turn              (no ring)

@: lethally poisoned (-5 -> -14), slowed, very slow
A: no striking features
a: Depart the Abyss, Bend Space, Banish, Renounce Religion


You were on level 9 of the Dungeon.
You worshipped Lugonu.
Lugonu was most pleased with you.
You were very hungry.

You visited 2 branches of the dungeon, and saw 10 of its levels.

You collected 740 gold pieces.

Inventory:

Hand Weapons
 B - a +0 morningstar
 F - a +2 hand axe of distortion (weapon)
Armour
 b - a +0 scale mail
 c - a +0 shield (worn)
 l - a +0 helmet (worn)
 G - a +0 pair of boots (worn)
 K - +0 acid dragon scales (worn)
 L - a +0 cloak (worn)
Jewellery
 v - a ring of resist corrosion (left hand)
 D - a cursed ring of flight {unknown}
 E - an uncursed ring of wizardry {unknown}
 J - a +4 ring of strength {unknown}
Wands
 a - a wand of random effects (9)
 A - a wand of digging (8)
 H - a wand of flame (16)
Scrolls
 g - 4 scrolls of remove curse {unknown}
 h - 2 scrolls of immolation {unknown}
 j - 11 scrolls of identify {unknown}
 k - 3 scrolls of teleportation {unknown}
 n - 2 scrolls of enchant armour {unknown}
 p - 2 scrolls of noise {unknown}
 r - 2 scrolls of amnesia {unknown}
 u - 2 scrolls of blinking {unknown}
 y - a scroll of fog {unknown}
Potions
 d - 2 potions of might
 e - 5 potions of curing
 i - 7 potions of mutation {unknown}
 m - 3 potions of lignification {unknown}
 o - a potion of berserk rage {unknown}
 q - a potion of ambrosia {unknown}
 s - a potion of invisibility {unknown}
 t - 4 potions of agility
 w - 2 potions of cancellation {unknown}
 x - a potion of haste {unknown}
 z - a potion of heal wounds {unknown}
 C - a potion of brilliance {unknown}
 I - a potion of degeneration {unknown}
Comestibles
 f - 21 rations {!d}
 M - a chunk of flesh


   Skills:
 * Level 10.1 Fighting
   Level 10.1 Short Blades
   Level 10.1 Long Blades
   Level 10.1 Axes
   Level 10.1 Maces & Flails
   Level 10.1 Polearms
   Level 10.1 Staves
 + Level 9.2 Armour
 + Level 9.2 Shields
   Level 10.1 Unarmed Combat
 + Level 7.1 Invocations


You had 10 spell levels left.
You didn't know any spells.
Your spell library contained the following spells:

 Spells                   Type           Power        Failure   Level  Hunger
 Blink                    Tloc           N/A          38%         2    ###....
 Magic Dart               Conj           #...         73%         1    ##.....
 Call Imp                 Summ           #.....       86%         2    ###....
 Searing Ray              Conj           #.......     86%         2    ###....
 Conjure Flame            Conj/Fire      #.......     97%         3    ####...
 Iskenderun's Mystic Bla  Conj           #.......     97%         3    ####...
 Mephitic Cloud           Conj/Pois/Air  #.......     97%         3    ####...
 Spider Form              Tmut/Pois      #..          97%         3    ####...
 Fulminant Prism          Conj/Hex       #.........   100%        4    #####..
 Irradiate                Conj/Tmut      #.........   100%        5    ######.


Dungeon Overview and Level Annotations

Branches:
Dungeon (9/12)             Temple (1/1) D:5            Lair (0/6) D:8
    Orc: D:8-11

Altars:
Ashenzari
Cheibriados
Dithmenos
Elyvilon
Fedhas
Gozag
Hepliaklqana
Kikubaaqudgha
Lugonu
Makhleb
Nemelex Xobeh
Okawaru
Qazlal
Ru
Sif Muna
Trog
Uskayaw
Vehumet
Wu Jian
Xom
Yredelemnul
Zin
The Shining One

Shops:
D:7 (   D:8 ?

Annotations:
D:9 Erica, Grum


Message History

You hear some strange, mumbled words.
Something tries to affect you, but you resist.
The wolf bites you.
* * * LOW HITPOINT WARNING * * *
Your shield and acid dragon scales prevent you from hitting the wolf.
The wolf is lightly wounded.
The wolf bites you.
* * * LOW HITPOINT WARNING * * *
The wolf closely misses you. Grum closely misses you.
You slash the wolf!
The wolf looks slightly unstable.
The wolf is heavily wounded.
You closely miss something. The wolf bites you but does no damage.
You block something's attack.
The wolf disappears!
You feel yourself slow down.
You hear some strange, mumbled words.
A bolt of poison appears from out of thin air!
The bolt of poison hits you!
You are lethally poisoned!
You die...

....## ########......%.. .....#
............... .....#
...............
####################'############
.........#...........÷...........
.........#.......................
.........#.......................
.........#.......................
.........#......@.g..............
####..####..#############....####
#...........# #....#........
'...........# #....'........
#...........# #....#........
###+######### ##########.†..
.......# ..... .......# ......
.......# .......


You could see Grum.

Vanquished Creatures
  A centaur warrior (D:6)
  A centaur zombie (D:9)
  Joseph (D:8)
  2 centaur skeletons (D:6)
  A troll (D:7)
  Sigmund (D:2)
  Eustachio (D:6)
  3 yaks (D:8)
  A human (D:8)
  A hungry ghost (D:4)
  4 hogs (D:8)
  A water moccasin (D:7)
  A porcupine (D:8)
  A black bear (D:6)
  2 sky beasts (D:4)
  2 orc warriors
  A phantom (D:6)
  An ogre (D:5)
  3 wolves (D:9)
  2 centaurs
  3 bullfrogs
  2 big kobolds
  A wyvern skeleton (D:6)
  4 scorpions
  7 killer bees
  A vampire bat (D:9)
  A bullfrog zombie (D:6)
  6 crimson imps
  A howler monkey (D:4)
  4 orc priests
  3 jellies
  An orc wizard (D:8)
  2 hounds
  A bullfrog skeleton (D:4)
  Terence (D:2)
  2 iguanas
  6 worker ants
  A hound zombie (D:7)
  A worker ant zombie (D:5)
  12 adders
  4 gnolls (D:3)
  2 howler monkey skeletons
  A shadow imp (D:7)
  2 oozes
  4 adder skeletons
  3 worms
  3 dart slugs
  2 leopard geckos
  25 orcs
  3 bat skeletons (D:9)
  3 bat zombies (D:9)
  2 giant cockroaches
  5 goblins
  7 hobgoblins
  13 jackals
  11 kobolds
  4 quokkas
  A bat (D:1)
  A frilled lizard (D:2)
  2 gnoll zombies (D:2)
  3 rats
  3 fungi (D:8)
195 creatures vanquished.

Vanquished Creatures (others)
  A quokka (D:5)
  A fungus (D:8)
  A plant (D:8)
3 creatures vanquished.

Grand Total: 198 creatures vanquished

Notes
Turn   | Place    | Note
-------+----------+-------------------------------------------
     0 | D:1      | Mrkan the Hill Orc Fighter began the quest for the Orb.
     0 | D:1      | Reached XP level 1. HP: 20/20 MP: 1/1
   127 | D:1      | Reached XP level 2. HP: 26/27 MP: 2/2
   757 | D:2      | Reached XP level 3. HP: 34/34 MP: 3/3
   765 | D:2      | Reached XP level 4. HP: 41/41 MP: 4/4
   843 | D:2      | Found a basalt altar of Yredelemnul.
   946 | D:2      | Noticed Sigmund
   968 | D:2      | Killed Sigmund
   968 | D:2      | Reached skill level 5 in Fighting
   968 | D:2      | Reached XP level 5. HP: 11/48 MP: 5/5
   968 | D:2      | Reached XP level 6. HP: 13/56 MP: 6/6
  1202 | D:2      | Found a faded altar of an unknown god.
  1593 | D:2      | Noticed Terence
  1597 | D:2      | Killed Terence
  1850 | D:3      | Found a hazy altar of Hepliaklqana.
  1898 | D:3      | Reached skill level 5 in Armour
  1902 | D:3      | Reached skill level 5 in Shields
  1914 | D:3      | Reached XP level 7. HP: 52/62 MP: 7/7
  2196 | D:3      | Found a stormy altar of Qazlal.
  2549 | D:4      | Reached skill level 6 in Fighting
  2577 | D:4      | Noticed a hungry ghost
  2615 | D:4      | Killed a hungry ghost
  3191 | D:4      | Reached XP level 8. HP: 32/71 MP: 8/8
  3666 | D:5      | Entered Level 5 of the Dungeon
  3722 | D:5      | Found a staircase to the Ecumenical Temple.
  3731 | D:5      | Reached skill level 7 in Fighting
  3750 | Temple   | Entered the Ecumenical Temple
  3955 | Temple   | Became a worshipper of Lugonu the Unformed
  4039 | D:5      | Found a stormy altar of Qazlal.
  4230 | D:5      | Found a shimmering altar of Xom.
  4804 | D:5      | Found a shimmering blue altar of Sif Muna.
  5185 | D:6      | Found a shimmering altar of Xom.
  5433 | D:6      | Found a bloodstained altar of Trog.
  5514 | D:6      | Reached skill level 1 in Invocations
  5514 | D:6      | Reached XP level 9. HP: 79/81 MP: 9/9
  5528 | D:6      | Reached skill level 8 in Fighting
  5955 | D:6      | Found a shattered altar of Ashenzari.
  5957 | D:6      | Noticed Eustachio
  5967 | D:6      | Killed Eustachio
  5996 | D:6      | Noticed a centaur warrior
  6017 | D:6      | Killed a centaur warrior
  6220 | D:6      | Found a radiant altar of Vehumet.
  6231 | D:6      | Found a snail-covered altar of Cheibriados.
  6231 | D:6      | Found a hide-covered altar of Uskayaw.
  6231 | D:6      | Found a white marble altar of Elyvilon.
  6236 | D:6      | Reached ** piety under Lugonu
  6282 | D:6      | Found a blossoming altar of Fedhas.
  6472 | D:7      | Found a shattered altar of Ashenzari.
  6674 | D:7      | Noticed a troll
  6681 | D:7      | Killed a troll
  6681 | D:7      | Reached skill level 9 in Fighting
  6681 | D:7      | Reached XP level 10. HP: 61/91 MP: 13/13
  6732 | D:7      | Reached skill level 5 in Invocations
  6936 | D:7      | Found Kiararown's Antique Weapon Shoppe.
  8009 | D:8      | Found a staircase to the Lair.
  8165 | D:8      | Reached *** piety under Lugonu
  8542 | D:8      | Found an opulent altar of Gozag.
  8562 | D:8      | Found Futotor's Magic Scroll Shop.
  8633 | D:8      | Noticed Joseph
  8746 | D:8      | Killed Joseph
  9053 | D:9      | Reached skill level 10 in Fighting
  9120 | D:9      | Noticed Erica
  9122 | D:9      | Found an ancient bone altar of Kikubaaqudgha.
  9124 | D:9      | Reached XP level 11. HP: 87/99 MP: 16/16
  9203 | D:9      | Noticed a two-headed ogre
  9284 | D:9      | Noticed Grum
  9320 | D:9      | Killed from afar by Erica

Skill      XL: |  1  2  3  4  5  6  7  8  9 10 |
---------------+-------------------------------+-----
Armour         | 4 5 6 8 9 |  9.2
Fighting       | 5 6 7 9 10 | 10.1
Shields        | 4 5 6 8 9 |  9.2
Invocations    | 1 4 7 |  7.1
Short Blades   | | 10.1
Long Blades    | | 10.1
Axes           | | 10.1
Maces & Flails | | 10.1
Polearms       | | 10.1
Staves         | | 10.1
Unarmed Combat | | 10.1

Action                   |  1- 3 |  4- 6 |  7- 9 | 10-12 || total
-------------------------+-------+-------+-------+-------++-------
Melee: War axe           |    55 |   125 |   361 |       ||   541
       Hand axe          |       |       |    19 |   239 ||   258
  Eat: Chunk             |       |     3 |    16 |     7 ||    26
       Ration            |       |       |     2 |       ||     2
Armor: Scale mail        |    21 |    64 |   159 |    67 ||   311
       Acid dragon scale |       |       |       |    12 ||    12
Dodge: Dodged            |    23 |    61 |   106 |    61 ||   251
Block: Shield            |    26 |    60 |   206 |   148 ||   440
